 Dungeon Crawl Stone Soup version 0.25-a0-356-g7c9d860b3b (webtiles) character file.

Game seed: 10891281919973637635, levelgen mode: deterministic

133 night the Magician (level 4, 0/24 HPs)
             Began as a Deep Elf Fire Elementalist on Jan 3, 2020.
             Slain by a worker ant (3 damage)
             ... on level 3 of the Dungeon.
             The game lasted 00:05:32 (3621 turns).

night the Magician (Deep Elf Fire Elementalist)     Turns: 3621, Time: 00:05:34

Health: 0/24       AC:  4    Str:  5    XL:     4   Next: 94%
Magic:  2/12       EV: 13    Int: 21    God:
Gold:   104        SH:  0    Dex: 15    Spells: 4/12 levels left

rFire    . . .     SeeInvis .   g - +0 dagger
rCold    . . .     Gourm    .   (no shield)
rNeg     . . .     Faith    .   a - +0 robe
rPois    .         Spirit   .   (no helmet)
rElec    .         Reflect  .   l - +0 cloak
rCorr    .         Harm     .   o - +0 pair of gloves
MR       .....                  (no boots)
Stlth    ++........             (no amulet)
HPRegen  0.08/turn              (no ring)
MPRegen  0.13/turn              (no ring)

@: very slightly contaminated
A: no striking features
a: no special abilities


You were on level 3 of the Dungeon.
You were not hungry.

You visited 1 branch of the dungeon, and saw 4 of its levels.

You collected 104 gold pieces.

Inventory:

Hand Weapons
 g - a +0 dagger (weapon)
 p - a +0 mace of holy wrath
Missiles
 b - 14 poisoned darts (quivered)
Armour
 a - a +0 robe (worn)
 f - a +0 buckler
 l - a +0 cloak (worn)
 o - a +0 pair of gloves (worn)
Scrolls
 d - 2 scrolls of remove curse {unknown}
 h - 3 scrolls of identify {unknown}
 j - 4 scrolls of blinking {unknown}
 r - a scroll of enchant weapon {unknown}
Potions
 e - a potion of degeneration {unknown}
 i - a potion of heal wounds {unknown}
 k - a potion of curing {unknown}
 m - a potion of mutation {unknown}
 n - 2 potions of brilliance {unknown}
 q - a potion of ambrosia {unknown}
Comestibles
 c - 12 rations


   Skills:
 - Level 2.4 Dodging
 - Level 2.4 Stealth
 + Level 4.7 Spellcasting
 + Level 3.1 Conjurations
 + Level 4.4 Fire Magic


You had 4 spell levels left.
You knew the following spells:

 Your Spells              Type           Power        Failure   Level  Hunger
a - Foxfire               Conj/Fire      ###.         2%          1    None
b - Sticky Flame          Conj/Fire      ###.....     24%         4    ####...
c - Conjure Flame         Conj/Fire      ###.....     7%          3    ##.....

Your spell library contained the following spells:

 Spells                   Type           Power        Failure   Level  Hunger
 Inner Flame              Hex/Fire       ##......     14%         3    ##.....
 Fireball                 Conj/Fire      ###.......   54%         5    ######.


Dungeon Overview and Level Annotations

Branches:
Dungeon (4/15)
 Temple: D:4-7

Altars:
Nemelex Xobeh


Message History

You conjure some foxfire!
The worker ant closely misses you.
The foxfire hits the worker ant.
The worker ant is moderately wounded.
The foxfire hits the worker ant.
The worker ant is heavily wounded.
The worker ant bites you!
Casting: Foxfire (safe; 2% risk of failure)
Confirm with . or Enter, or press ? or * to list all spells.
You conjure some foxfire!
The worker ant closely misses you. The worker ant barely misses you.
The foxfire hits the worker ant.
The worker ant is heavily wounded.
The foxfire hits the worker ant.
The worker ant is almost dead.
The worker ant bites you.
* * * LOW HITPOINT WARNING * * *
Casting: Foxfire (safe; 2% risk of failure)
Confirm with . or Enter, or press ? or * to list all spells.
You conjure some foxfire!
The worker ant bites you.
You die...

#.........#
#.........###################
#..................#........#
#).................#........#
#..................#........#
#...÷..............#........#
#####..................#....÷...#
................v§.....#........#
.......#.###.#..@......#).......#
########.# #.#.v.a.....#........#
# #.# #.#.........'........# ##
#.# #.#.........#....[...# .#
#.###.#.........+......### .####
#.....#.........########## ....##
#.#####....###### #.....
≈≈...###..........##########.####
≈≈≈≈..............'........).....


You could see a worker ant.

Vanquished Creatures
  5 adders
  3 oozes
  2 worms (D:2)
  A dart slug (D:2)
  6 leopard geckos
  An orc (D:3)
  A ball python (D:1)
  2 giant cockroaches (D:2)
  9 goblins
  6 hobgoblins
  3 jackals
  A quokka (D:2)
  8 bats
  4 frilled lizards
  4 kobolds
  4 rats
60 creatures vanquished.

Vanquished Creatures (others)
  147 foxfires
147 creatures vanquished.

Grand Total: 207 creatures vanquished

Notes
Turn   | Place    | Note
-------+----------+-------------------------------------------
     0 | D:1      | night the Deep Elf Fire Elementalist began the quest for
                  | the Orb.
     0 | D:1      | Reached XP level 1. HP: 10/10 MP: 6/6
   194 | D:1      | Reached XP level 2. HP: 15/15 MP: 4/8
   713 | D:2      | Reached XP level 3. HP: 9/19 MP: 7/10
  1883 | D:2      | Reached XP level 4. HP: 24/24 MP: 10/12
  2353 | D:2      | Learned a level 4 spell: Sticky Flame
  2403 | D:3      | Learned a level 3 spell: Conjure Flame
  2412 | D:3      | Found a sparkling altar of Nemelex Xobeh.
  2891 | D:3      | Found a faded altar of an unknown god.
  3621 | D:3      | Slain by a worker ant

Levels and vault maps discovered:
D:1:      minmay_arrival_glassed_features, layout_basic
D:2:      layout_basic, st_stairs_13, ebering_dispersal_statue_hall
D:3:      layout_basic, first_ration, chequers_ecumenical_altar_grove,
          lemuel_altar_in_water
D:4:      gammafunk_steamed_eel, layout_cave_pools, kennysheep_generic_room_11

Skill      XL: |  1  2  3  4 |
---------------+-------------+-----
Conjurations   | 2 3 |  3.1
Spellcasting   | 4 |  4.7
Fire Magic     | 4 |  4.4
Dodging        | |  2.4
Stealth        | |  2.4

Action                   |  1- 3 |  4- 6 || total
-------------------------+-------+-------++-------
Melee: Dagger            |     2 |     1 ||     3
 Cast: Foxfire           |    52 |    41 ||    93
  Eat: Chunk             |     2 |     6 ||     8
Armor: Robe              |     2 |     9 ||    11
Dodge: Dodged            |    27 |    36 ||    63

Table legend:
 A = Non-vault XP
 B = Vault XP
 C = Vault XP percentage of total XP
 D = Non-vault monster count
 E = Vault monster count
 F = Vault count percentage of total count
                 A         B        C        D         E       F
            +---------+---------+-------+---------+---------+-------
      Total |     189 |       2 |   1.0 |      59 |       1 |   1.7
            +---------+---------+-------+---------+---------+-------
        D:1 |      35 |       0 |   0.0 |      16 |       0 |   0.0
        D:2 |      72 |       2 |   2.7 |      22 |       1 |   4.3
        D:3 |      68 |       0 |   0.0 |      20 |       0 |   0.0
        D:4 |      14 |       0 |   0.0 |       1 |       0 |   0.0
            +---------+---------+-------+---------+---------+-------
